 Dungeon Crawl Stone Soup version 0.30.0-10-gfe55d96785 (webtiles) character file.

Game seed: 10795994790438980765

1719 2FriedEggs the Summoner (level 9, -7/51 HPs)
             Began as an Octopode Summoner on May 13, 2023.
             Was an Initiate of Ashenzari.
             Engulfed by a steam dragon's steam (21 damage)
             ... on level 7 of the Dungeon.
             The game lasted 00:20:34 (6719 turns).

2FriedEggs the Summoner (Octopode Summoner)         Turns: 6719, Time: 00:20:35

Health: -7/51      AC:  1    Str:  8    XL:     9   Next: 4%
Magic:  15/15      EV: 13    Int: 21    God:    Ashenzari [......]
Gold:   184        SH:  5    Dex: 18    Spells: 10/16 levels left

rFire   . . .        y - +4 broad axe
rCold   . . .        b - +0 buckler of the Chained Augur {Melee, Fort} (curse)
rNeg    . . .        (helmet restricted)
rPois   .            (no amulet)
rElec   .            g - +6 ring of dexterity
rCorr   .            u - ring of willpower
SInv    .            (no ring)
Will    +....        (no ring)
Stlth   +++          (no ring)
HPRegen 0.28/turn    (no ring)
MPRegen 0.14/turn    (no ring)
                     (no ring)

%: no passive effects
@: mighty, on berserk cooldown, slowed, very slow
A: almost no armour, amphibious, 8 rings, camouflage 1, gelatinous body 1,
(nimble swimmer 1), tentacles
a: Renounce Religion, Shatter the Chains


You were on level 7 of the Dungeon.
You worshipped Ashenzari.
Ashenzari was noncommittal.
You visited 2 branches of the dungeon, and saw 8 of its levels.
You also visited: Sewer.

You collected 268 gold pieces.
You spent 84 gold pieces at shops.

Inventory:

Hand Weapons
 i - a +2 short sword of holy wrath
 j - a +4 whip
 l - the +0 mace of Shrieking Terror {heavy, rElec rC- Will+ Dex+2}
   (You found it on level 3 of the Dungeon)

   Dex:       It affects your dexterity (+2).
   rC:        It makes you vulnerable to cold.
   rElec:     It insulates you from electricity.
   Will:      It increases your willpower.
 m - a +0 short sword of venom
 x - a +2 dagger of venom
 y - a +4 broad axe (weapon)
Missiles
 s - 4 curare-tipped darts
Armour
 b - the cursed +0 buckler of the Chained Augur (worn) {Melee, Fort}
   (You found it on level 1 of the Dungeon)

   It has a curse which improves the following skills: Melee Combat: Short
   Blades, Long Blades, Axes, Maces & Flails, Polearms, Staves and Unarmed
   Combat.
   Fortitude: Shields.
Magical Staves
 f - a staff of cold
Jewellery
 g - a +6 ring of dexterity (left tentacle)
 u - a ring of willpower (right tentacle)
Wands
 h - a wand of digging (2)
 n - a wand of flame (3)
Scrolls
 e - a scroll of enchant weapon
 o - 2 scrolls of teleportation
 w - 3 scrolls of magic mapping
 B - a scroll of blinking
Potions
 a - 2 potions of magic
 d - a potion of might
 p - 4 potions of curing
 q - 2 potions of mutation
 r - a potion of ambrosia {unknown}
 t - 3 potions of flight
 v - 3 potions of resistance
 z - 2 potions of lignification
 A - a potion of brilliance {unknown}


   Skills:
 - Level 2.0 Dodging
 - Level 2.6 Stealth
 - Level 2.0(2.3) Shields
 + Level 4.0 Spellcasting
 - Level 11.0 Summonings


You had 10 spell levels left.
You knew the following spells:

 Your Spells              Type           Power      Damage    Failure   Level
a - Summon Small Mammal   Summ           100%       N/A       1%          1
b - Call Imp              Summ           100%       N/A       1%          2
c - Call Canine Familiar  Summ           50%        N/A       1%          3

Your spell library contained the following spells:

 Spells                   Type           Power      Damage    Failure   Level
 Summon Guardian Golem    Hex/Summ       27%        N/A       6%          3
 Summon Lightning Spire   Summ/Air       27%        N/A       19%         4
 Ensorcelled Hibernation  Hex/Ice        8%         N/A       28%         2
 Sublimation of Blood     Necr           4%         N/A       28%         2
 Wereblood                Tmut           4%         N/A       28%         2
 Summon Cactus Giant      Summ           25%        N/A       30%         6
 Summon Forest            Summ/Tloc      13%        N/A       47%         5
 Summon Mana Viper        Hex/Summ       27%        N/A       47%         5
 Spider Form              Tmut/Pois      4%         N/A       50%         3
 Summon Hydra             Summ           25%        N/A       86%         7
 Anguish                  Hex/Necr       2%         N/A       88%         4
 Fireball                 Conj/Fire      2%         3d4       99%         5
 Iskenderun's Battlesphe  Conj           4%         2d6       99%         5
 Conjure Ball Lightning   Conj/Air       2%         3x3d6     100%        6
 Orb of Destruction       Conj           2%         9d5       100%        7


Dungeon Overview and Level Annotations

Branches:
Dungeon (7/15)             Temple (1/1) D:5           Sewer (visited)

Altars:
Ashenzari
Cheibriados
Dithmenos
Elyvilon
Fedhas
Gozag
Hepliaklqana
Kikubaaqudgha
Makhleb
Nemelex Xobeh
Okawaru
Qazlal
Ru
Sif Muna
Trog
Uskayaw
Vehumet
Wu Jian
Xom
Yredelemnul
Zin
The Shining One

Shops:
D:2 *   D:6 ?


Innate Abilities, Weirdness & Mutations

You cannot wear most types of armour.
You are amphibious.
You can wear up to eight rings at the same time.
Your skin changes colour to match your surroundings (Stealth+).
Your rubbery body absorbs attacks. (AC +1, EV +1)
((You are camouflaged when in or above water. (Stealth+)))
You have tentacles for arms and can constrict up to eight enemies at once.


Message History

You climb upwards.
Your summoned ally is left behind.
There is a stone staircase leading down here.
You start resting.
Magic restored.
You start resting.
HP restored.
You see here a +0 giant club.
Okay, then.
Okay, then.
Okay, then.
You see here a +0 giant club.
There is a stone staircase leading down here.
You feel very mighty all of a sudden.
A red film seems to cover your vision as you go berserk!
You feel yourself moving faster!
You feel mighty!
You feel a strong urge to attack something.
You climb downwards.
The steam dragon breathes steam at you. The ball of steam hits you!
There is a stone staircase leading up here.
No target in view!
You feel your anger nearly subside.
You are engulfed in a cloud of scalding steam.
You are engulfed in a cloud of scalding steam.
You are no longer berserk.
You are exhausted.
You feel yourself slow down.
You see here a +0 short sword.
The steam dragon bites you. The steam dragon closely misses you.
You block the steam dragon's attack. The steam dragon closely misses you.
You slash the steam dragon!
The steam dragon is heavily wounded.
The steam dragon bites you. The steam dragon barely misses you.
The steam dragon breathes steam at you. The ball of steam hits you!!
* * * LOW HITPOINT WARNING * * *
You closely miss the steam dragon.
The steam dragon is heavily wounded.
You are engulfed in a cloud of scalding steam.
You die...

#.......# #.......#
###########.......#
###o.....†..........#
#.........###.......#
..oo.#.....###
#..5....#
..###...####
#####...##### .
.....##
####.D.........#
$....##
###§.§@###.......#
#.### #...####
##.#....# #. ###.###
#.#....# y ##<>.#
#......# #..###
#...#### #....# ....#
####.## #...# #..#
#y.........#


You could see a steam dragon (catching breath).

Vanquished Creatures
  An ogre (D:5)
  A kobold brigand (Sewer)
  A bullfrog (D:4)
  A scorpion (D:4)
  2 hounds
  4 iguanas
  A gnoll (D:6)
  3 adders
  2 worms (D:4)
  4 orcs
  4 endoplasms
  2 giant cockroaches
  A goblin (D:4)
  3 hobgoblins
  4 jackals
  4 quokkas
  4 ball pythons (D:2)
  3 bats
  4 frilled lizards
  5 kobolds
  5 rats
59 creatures vanquished.

Vanquished Creatures (collateral kills)
  Grinder (D:6)
  Sigmund (D:2)
  3 ogres
  A black bear (D:5)
  2 phantoms
  A killer bee (D:7)
  2 jellies
  A gnoll bouda (D:6)
  Jessica (D:2)
  3 iguanas
  3 adders
  3 gnolls (D:6)
  2 orcs
  2 endoplasms (D:3)
  A giant cockroach (D:3)
  6 goblins
  A hobgoblin (D:1)
  4 kobolds
  A quokka (D:5)
  A ball python (D:1)
  A bat (D:1)
  5 rats
46 creatures vanquished.

Vanquished Creatures (others)
  An orc priest (D:7)
1 creature vanquished.

Grand Total: 106 creatures vanquished

Notes
Turn   | Place    | Note
-------+----------+-------------------------------------------
     0 | D:1      | 2FriedEggs the Octopode Summoner began the quest for the
                  | Orb.
     0 | D:1      | Reached XP level 1. HP: 11/11 MP: 3/3
   338 | D:1      | Reached XP level 2. HP: 14/17 MP: 1/5
   460 | D:1      | Learned a level 2 spell: Call Imp
   586 | D:1      | Reached skill level 1 in Shields
  1026 | D:2      | Noticed Jessica
  1039 | D:2      | Killed Jessica
  1040 | D:2      | Reached XP level 3. HP: 21/21 MP: 4/6
  1331 | D:2      | Found Mitakk's General Store.
  1357 | D:2      | Found a shimmering altar of Xom.
  1609 | D:2      | Reached skill level 5 in Summonings
  1626 | D:2      | Noticed Sigmund
  1926 | D:1      | Learned a level 3 spell: Call Canine Familiar
  2028 | D:2      | Found a faded altar of an unknown god.
  2044 | D:2      | Prayed at the altar of an unknown god.
  2044 | D:2      | Became a worshipper of the Shining One
  2044 | D:2      | Reached * piety under the Shining One
  2264 | D:2      | Killed Sigmund
  2265 | D:2      | Reached skill level 6 in Summonings
  2265 | D:2      | Reached XP level 4. HP: 14/27 MP: 2/7
  2265 | D:2      | Reached XP level 5. HP: 16/31 MP: 2/8
  2265 | D:2      | Reached XP level 6. HP: 19/36 MP: 2/9
  2435 | D:3      | Identified the +0 mace of Shrieking Terror {heavy, rElec
                  | rC- Will+ Dex+2}
  2956 | D:3      | Found a glowing silver altar of Zin.
  3273 | D:4      | Reached skill level 7 in Summonings
  3360 | D:4      | Identified the scarf "Uveem" {repulsion, rPois rF+}
  3475 | D:4      | Reached XP level 7. HP: 32/41 MP: 10/10
  3507 | D:4      | Reached skill level 8 in Summonings
  3832 | D:4      | Found a glowing drain.
  3842 | Sewer    | Entered a sewer
  4054 | Sewer    | Found a white marble altar of Elyvilon.
  4065 | Sewer    | Fell from the grace of the Shining One
  4065 | Sewer    | Became a worshipper of Elyvilon the Healer
  4201 | D:5      | Entered Level 5 of the Dungeon
  4300 | D:5      | Reached skill level 9 in Summonings
  4304 | D:5      | Found a staircase to the Ecumenical Temple.
  4323 | Temple   | Entered the Ecumenical Temple
  4618 | Temple   | Fell from the grace of Elyvilon
  4618 | Temple   | Became a worshipper of Ashenzari the Shackled
  4864 | D:5      | Reached XP level 8. HP: 46/46 MP: 3/11
  4963 | D:5      | Reached skill level 10 in Summonings
  5358 | D:5      | HP: 1/46 [iguana (10)]
  5828 | D:6      | Noticed Grinder
  5847 | D:6      | Killed Grinder
  5848 | D:6      | Reached skill level 11 in Summonings
  6323 | D:6      | Reached XP level 9. HP: 41/51 MP: 11/14
  6409 | D:6      | Found Calaog's Magic Scroll Boutique.
  6417 | D:6      | Bought a scroll of identify for 28 gold pieces
  6417 | D:6      | Bought a scroll of identify for 28 gold pieces
  6417 | D:6      | Bought a scroll of identify for 28 gold pieces
  6719 | D:7      | Engulfed by a steam dragon's steam

Illustrated notes

Levels and vault maps discovered:
D:1:      minmay_arrival_hallway, layout_rooms, nrook_campfire,
          minmay_tromino_v4_a
D:2:      layout_rooms, shapermc_ecumenical_altar_notcrosses, serial_shops,
          nicolae_shop_advertising_works [nicolae_subvault_shop_adworks],
          serial_co_window_serial, co_window_paths_a, co_window_corner_a,
          co_window_paths_a, co_window_paths_a, co_window_of_opportunity_a,
          co_window_paths_a, co_window_cross_1, co_window_broadway_b,
          co_window_unsneaky_path_e, co_window_corner_cb, co_window_2corner,
          co_window_broadway_a, glass_columns_b, glass_columns_c,
          glass_columns_c, glass_columns_a, basic_altar, minivault_5,
          hex_intersection, chequers_serial_rivers_small_a, uniq_sigmund,
          uniq_jessica
D:3:      layout_basic, zin_treasury
D:4:      layout_basic, cheibrodos_sewer_entry_bend,
          kennysheep_decorative_pillar
D:5:      layout_basic, minmay_temple_entry_mist, dk_noncrumbling_3,
          kennysheep_generic_room_10
D:6:      layout_rooms, serial_shops, shop, corexii_item_surrounded_by_moat,
          uniq_grinder
D:7:      layout_rooms
Temple:   mainiacjoe_temple_archimedes_tessellation

Skill      XL: |  1  2  3  4  5  6  7  8  9 |
---------------+----------------------------+-----
Shields        | 1 2 |  2.0
Summonings     | 6 7 9 11 | 11.0
Spellcasting   | 3 4 |  4.0
Dodging        | |  2.0
Stealth        | |  2.6

Action                     |  1- 3 |  4- 6 |  7- 9 || total
---------------------------+-------+-------+-------++-------
  Melee: Unarmed           |    19 |       |       ||    19
         Tentacles         |     6 |    11 |    12 ||    29
         Constrict         |     7 |    11 |    17 ||    35
         Dagger            |     4 |       |    24 ||    28
         Whip              |    16 |    40 |    23 ||    79
         Punch             |       |     1 |       ||     1
         Broad axe         |       |       |    13 ||    13
   Cast: Summon Small Mamm |    17 |       |     6 ||    23
         Call Imp          |    13 |       |     6 ||    19
         Call Canine Famil |     4 |    13 |    20 ||    37
 Invoke: Curse Item        |       |       |     2 ||     2
         Shatter the Chain |       |       |     1 ||     1
  Evoke: Wand              |       |       |     7 ||     7
    Use: Scroll            |     4 |     4 |     8 ||    16
         Potion            |       |       |     4 ||     4
   Stab: Sleeping          |     3 |       |     1 ||     4
 Armour: Skin              |     3 |     3 |     3 ||     9
  Dodge: Dodged            |    25 |    34 |    36 ||    95
  Block: Buckler           |     9 |     6 |    11 ||    26
